 Dungeon Crawl Stone Soup version 0.30.0-29-ga12c61a403 (webtiles) character file.

Game seed: 2396695976168133005

1 ChadusMaximus the Caller (level 1, 0/13 HPs)
             Began as a Barachi Summoner on June 22, 2023.
             Slain by a jackal (1 damage)
             ... on level 1 of the Dungeon.
             The game lasted 00:00:14 (73 turns).

ChadusMaximus the Caller (Barachi Summoner)           Turns: 73, Time: 00:00:14

Health: 0/13       AC:  2    Str:  9    XL:     1   Next: 20%
Magic:  1/3        EV: 12    Int: 15    God:
Gold:   17         SH:  0    Dex: 12    Spells: 3/4 levels left

rFire   . . .        (no weapon)
rCold   . . .        (no shield)
rNeg    . . .        a - +0 robe
rPois   .            (no helmet)
rElec   .            (no cloak)
rCorr   .            (no gloves)
SInv    .            (no boots)
Will    .....        (no amulet)
Stlth   ++           (no ring)
HPRegen 0.22/turn    (no ring)
MPRegen 0.08/turn

%: no passive effects
@: slow
A: amphibious, slowness 1, strong legs 1, +LOS
a: Hop


You were on level 1 of the Dungeon.
You visited 1 branch of the dungeon, and saw 1 of its levels.

You collected 17 gold pieces.

Inventory:

Armour
 a - a +0 robe (worn)
Scrolls
 c - a scroll of immolation {unknown}
Potions
 b - a potion of magic
 d - a potion of heal wounds {unknown}


   Skills:
 + Level 2.2 Dodging
 + Level 1.8 Stealth
 + Level 2.2 Spellcasting
 + Level 4.8 Summonings


You had 3 spell levels left.
You knew the following spells:

 Your Spells              Type           Power      Damage    Failure   Level
a - Summon Small Mammal   Summ           64%        N/A       3%          1

Your spell library contained the following spells:

 Spells                   Type           Power      Damage    Failure   Level
 Call Imp                 Summ           32%        N/A       4%          2
 Call Canine Familiar     Summ           16%        N/A       9%          3
 Magic Dart               Conj           4%         1d3       22%         1
 Summon Guardian Golem    Hex/Summ       8%         N/A       24%         3
 Mephitic Cloud           Conj/Pois/Air  1%         N/A       54%         3
 Summon Lightning Spire   Summ/Air       8%         N/A       63%         4


Dungeon Overview and Level Annotations

Branches:
Dungeon (1/15)

Altars:


Innate Abilities, Weirdness & Mutations

You are amphibious.
You cover ground slowly.
You can hop short distances.
You have an extended range of vision and can be seen from far away.


Message History

The jackal bites you. The jackal bites your quokka.
You hit the jackal but do no damage. The jackal bites you.
The jackal barely misses you.
Your quokka misses the jackal. The jackal barely misses your quokka.
You swap places.
Your bat barely misses the jackal.
Your bat hits the jackal but does no damage.
The jackal closely misses your bat. The jackal misses your bat.
The jackal closely misses your quokka.
Your quokka bites the jackal but does no damage.
The jackal barely misses your quokka.
Your quokka closely misses the jackal.
You closely miss the jackal.
Your bat completely misses the jackal.
The jackal barely misses you. The jackal barely misses your quokka.
Your quokka closely misses the jackal.
Your bat closely misses the jackal.
You closely miss the jackal.
Your bat barely misses the jackal.
The jackal misses your quokka.
Your quokka bites the jackal.
The jackal bites you. The jackal bites your quokka.
Your quokka dies!
Your quokka's corpse disappears in a puff of smoke!
Casting: Summon Small Mammal (safe; 3% risk of failure)
Confirm with . or Enter, or press ? or * to list all spells.
The jackal closely misses you. The jackal bites you.
* * * LOW HITPOINT WARNING * * *
You swap places.
Your bat hits the jackal but does no damage.
The jackal barely misses you.
Your quokka closely misses the jackal.
The jackal bites you but does no damage.
The jackal barely misses you. The jackal barely misses your bat.
Your bat hits the jackal but does no damage.
Your quokka barely misses the jackal.
The jackal bites you.
* * * LOW HITPOINT WARNING * * *
Your bat barely misses the jackal.
Your quokka completely misses the jackal.
The jackal bites you.
* * * LOW HITPOINT WARNING * * *
The jackal bites you.
* * * LOW HITPOINT WARNING * * *
You open the door. The jackal barely misses you.
The jackal bites you but does no damage.
The jackal bites you.
You die...

#####+#####
###.........###
##.........8...##
#....[.#'#...8..#
+.....##<##.....+
+.....##>##.....+
#..8...#'#......#
##...8r@h......##
###...hhb...###
.########'#######
..................
........†.........
#####.............
...........####
#...........#
.............#


You could see 3 jackals, a friendly quokka (summoned) and a friendly bat
(summoned).

Vanquished Creatures (collateral kills)
  A jackal (D:1)
1 creature vanquished.

Notes
Turn   | Place    | Note
-------+----------+-------------------------------------------
     0 | D:1      | ChadusMaximus the Barachi Summoner began the quest for the
                  | Orb.
     0 | D:1      | Reached XP level 1. HP: 13/13 MP: 3/3
    73 | D:1      | Slain by a jackal

Illustrated notes

Levels and vault maps discovered:
D:1:      dpeg_arrival_refuge, layout_basic,
          chequers_ecumenical_altar_simple_redux, minmay_split_cup_small

Action                     || total
---------------------------++-------
  Melee: Unarmed           ||     9
   Cast: Summon Small Mamm ||     5
 Armour: Robe              ||     8
  Dodge: Dodged            ||    25
